 Dungeon Crawl Stone Soup version 0.22-a0-322-g60b3cfd (webtiles) character file.

483 xccam the Ducker (level 7, -1/59 HPs)
             Began as a Gnoll Wanderer on Apr 4, 2018.
             Slain by an orc warrior
             ... wielding a +0 long sword
              (19 damage)
             ... on level 4 of the Dungeon.
             The game lasted 00:06:59 (2571 turns).

xccam the Ducker (Gnoll Wanderer)                   Turns: 2571, Time: 00:07:00

Health: -1/59      AC:  6    Str: 19    XL:     7   Next: 12%
Magic:  10/10      EV: 15    Int: 14    God:
Gold:   141        SH:  6    Dex: 17    Spells: 10/10 levels left

rFire    . . .     SeeInvis .   c - +1 falchion
rCold    . . .     Gourm    .   d - +0 buckler
rNeg     . . .     Faith    .   i - +0 ring mail
rPois    .         Spirit   .   v - +0 helmet
rElec    .         Reflect  .   (no cloak)
rCorr    .         Harm     .   (no gloves)
MR       .....                  (no boots)
Stlth    ++........             (no amulet)
HPRegen  0.19/turn              (no ring)
MPRegen  0.12/turn              (no ring)

@: mighty
A: distributed training, fangs 1, strong nose
a: no special abilities


You were on level 4 of the Dungeon.
You were not hungry.

You visited 1 branch of the dungeon, and saw 4 of its levels.

You collected 141 gold pieces.

Inventory:

Hand Weapons
 c - a +1 falchion (weapon)
Missiles
 b - 4 throwing nets
 p - 123 stones (quivered)
Armour
 d - a +0 buckler (worn)
 i - a +0 ring mail (worn)
 v - a +0 helmet (worn)
Scrolls
 e - a scroll of teleportation
 g - a scroll of blinking
 h - a scroll of remove curse
Potions
 j - a potion of resistance
 l - a potion of brilliance
 r - 2 potions of cancellation
 t - a potion of degeneration {unknown}
Comestibles
 a - 6 chunks of flesh
 f - 10 rations


   Skills:
 + Level 6.9 Fighting
 + Level 3.4 Short Blades
 + Level 2.2 Long Blades
 + Level 2.2 Axes
 + Level 2.2 Maces & Flails
 + Level 2.2 Polearms
 + Level 2.2 Staves
 + Level 2.2 Slings
 + Level 2.2 Bows
 + Level 2.2 Crossbows
 + Level 2.2 Throwing
 + Level 2.2 Armour
 + Level 6.9 Dodging
 + Level 3.3 Stealth
 + Level 5.1 Shields
 + Level 2.2 Unarmed Combat
 + Level 2.2 Spellcasting
 + Level 1.8 Conjurations
 + Level 1.8 Hexes
 + Level 1.8 Charms
 + Level 1.8 Summonings
 + Level 1.8 Necromancy
 + Level 1.8 Translocations
 + Level 1.8 Transmutations
 + Level 1.8 Fire Magic
 + Level 1.8 Ice Magic
 + Level 1.8 Air Magic
 + Level 1.8 Earth Magic
 + Level 1.8 Poison Magic
 + Level 2.5 Invocations
 + Level 2.2 Evocations


You had 10 spell levels left.
You didn't know any spells.

Dungeon Overview and Level Annotations

Branches:
Dungeon (4/15)             Temple (0/1) D:4

Altars:
Elyvilon
Makhleb

Shops:
D:4 *


Innate Abilities, Weirdness & Mutations

Your experience applies equally to all skills.
You have very sharp teeth.
Your uncanny sense of smell can sniff out nearby items.


Message History

You hit the orc warrior but do no damage.
The orc warrior is moderately wounded.
The orc warrior hits you but does no damage.
You feel very mighty all of a sudden. You block the orc warrior's attack.
You hit the orc warrior but do no damage.
The orc warrior is moderately wounded.
You block the orc warrior's attack.
You hit the orc warrior.
The orc warrior is heavily wounded.
The orc warrior hits you with a long sword!!
* * * LOW HITPOINT WARNING * * *
You feel better.
You slash the orc warrior!
The orc warrior is severely wounded.
The orc warrior closely misses you.
You closely miss the orc warrior.
The orc warrior is severely wounded.
The orc warrior hits you with a long sword!!
You die...

,,,,,,**********,** #.####
,,,,,,* #.# #†# * ,,,,,,* #.# #.#
* ,,,,,,* #.# #.# * ,,,,,,* #.#
#.#### ******* #.# #..... *,,*
#.# #.#### *,,* #.# ####.####
*,,* #@# #.>...... *,,**** #o#
#.##.##.. ,,,,,,* #{#####
#.##...,. *,,**,* #oS.o.#
#.##.##.# *,,**,*
***#######S####.......# *,,**,**
*,,.......o........(...
,,,*,,,****,*#######....[........
*,,,,*,,,,,,* ######........
*,**,,,*********** #...$...#


You could see an orc warrior, an adder and an orc.

Vanquished Creatures
  2 ogres
  The ghost of xccam the Magician, an amateur GnWn (D:4)
  A hound (D:3)
  An iguana (D:3)
  A worker ant (D:4)
  Robin (D:3)
  2 adders
  An adder skeleton (D:4)
  3 worms
  A dart slug (D:2)
  2 leopard geckos
  9 orcs
  3 giant cockroaches
  6 hobgoblins
  6 jackals
  8 kobolds
  4 quokkas
  A ball python (D:3)
  12 bats
  2 frilled lizards (D:1)
  17 goblins
  10 rats
94 creatures vanquished.

Notes
Turn   | Place    | Note
-------+----------+-------------------------------------------
     0 | D:1      | xccam the Gnoll Wanderer began the quest for the Orb.
     0 | D:1      | xccam set off with: a +0 leather armour, 4 throwing nets, a +0 falchion, a +0 buckler, a ration
     0 | D:1      | Reached XP level 1. HP: 23/23 MP: 1/1
    71 | D:1      | Reached XP level 2. HP: 23/29 MP: 2/2
   553 | D:2      | Reached XP level 3. HP: 32/35 MP: 3/3
   750 | D:2      | Reached skill level 1 in Invocations
   844 | D:2      | Reached skill level 1 in Long Blades
   844 | D:2      | Reached skill level 1 in Axes
   844 | D:2      | Reached skill level 1 in Maces & Flails
   844 | D:2      | Reached skill level 1 in Polearms
   844 | D:2      | Reached skill level 1 in Staves
   844 | D:2      | Reached skill level 1 in Slings
   844 | D:2      | Reached skill level 1 in Bows
   844 | D:2      | Reached skill level 1 in Crossbows
   844 | D:2      | Reached skill level 1 in Throwing
   844 | D:2      | Reached skill level 1 in Armour
   844 | D:2      | Reached skill level 1 in Unarmed Combat
   844 | D:2      | Reached skill level 1 in Spellcasting
   844 | D:2      | Reached skill level 1 in Evocations
   944 | D:2      | Found a faded altar of an unknown god.
   976 | D:2      | Reached XP level 4. HP: 41/41 MP: 5/5
  1387 | D:3      | Found a white marble altar of Elyvilon.
  1492 | D:3      | Reached skill level 1 in Conjurations
  1492 | D:3      | Reached skill level 1 in Hexes
  1492 | D:3      | Reached skill level 1 in Charms
  1492 | D:3      | Reached skill level 1 in Summonings
  1492 | D:3      | Reached skill level 1 in Necromancy
  1492 | D:3      | Reached skill level 1 in Translocations
  1492 | D:3      | Reached skill level 1 in Transmutations
  1492 | D:3      | Reached skill level 1 in Fire Magic
  1492 | D:3      | Reached skill level 1 in Ice Magic
  1492 | D:3      | Reached skill level 1 in Air Magic
  1492 | D:3      | Reached skill level 1 in Earth Magic
  1492 | D:3      | Reached skill level 1 in Poison Magic
  1529 | D:3      | Noticed Robin
  1561 | D:3      | Killed Robin
  1561 | D:3      | Reached XP level 5. HP: 29/47 MP: 6/6
  1957 | D:3      | Found a burning altar of Makhleb.
  2065 | D:4      | Found Basitin's General Store.
  2085 | D:4      | Noticed an ogre
  2135 | D:3      | Reached XP level 6. HP: 11/53 MP: 8/8
  2395 | D:3      | Reached skill level 5 in Shields
  2430 | D:4      | Noticed xccam's ghost (amateur GnWn)
  2438 | D:4      | Killed xccam's ghost
  2446 | D:4      | Reached XP level 7. HP: 51/59 MP: 8/10
  2571 | D:4      | Slain by an orc warrior

Vault maps used:
D:1:      saegor_arrival_simple_f, minivault_26
D:2:      chequers_ecumenical_altar_simple, first_ration
D:3:      marbit_many_paths, makhleb_blood_cavern_becter, uniq_robin
D:4:      lemuel_temple_firewalk_a, serial_shops,
          nicolae_shop_temple_entry_statues_fountains, minmay_tree_intersection

Skill      XL: |  1  2  3  4  5  6 |
---------------+-------------------+-----
Invocations    | 1 2 |  2.5
Long Blades    | 1 2 |  2.2
Axes           | 1 2 |  2.2
Maces & Flails | 1 2 |  2.2
Polearms       | 1 2 |  2.2
Staves         | 1 2 |  2.2
Slings         | 1 2 |  2.2
Bows           | 1 2 |  2.2
Crossbows      | 1 2 |  2.2
Throwing       | 1 2 |  2.2
Armour         | 1 2 |  2.2
Unarmed Combat | 1 2 |  2.2
Spellcasting   | 1 2 |  2.2
Evocations     | 1 2 |  2.2
Conjurations   | 1 |  1.8
Hexes          | 1 |  1.8
Charms         | 1 |  1.8
Summonings     | 1 |  1.8
Necromancy     | 1 |  1.8
Translocations | 1 |  1.8
Transmutations | 1 |  1.8
Fire Magic     | 1 |  1.8
Ice Magic      | 1 |  1.8
Air Magic      | 1 |  1.8
Earth Magic    | 1 |  1.8
Poison Magic   | 1 |  1.8
Short Blades   | 3 |  3.4
Stealth        | 3 |  3.3
Shields        | 5 |  5.1
Fighting       | |  6.9
Dodging        | |  6.9

Action                   |  1- 3 |  4- 6 |  7- 9 || total
-------------------------+-------+-------+-------++-------
Melee: Falchion          |   110 |   178 |    29 ||   317
       Bite              |     9 |    22 |     3 ||    34
  Use: Potion            |       |     4 |     2 ||     6
       Scroll            |       |    13 |       ||    13
 Stab: Sleeping          |     2 |     6 |       ||     8
       Distracted        |     1 |       |       ||     1
  Eat: Chunk             |       |     5 |       ||     5
       Ration            |       |     1 |       ||     1
Armor: Leather armour    |     2 |       |       ||     2
       Ring mail         |    36 |    67 |     7 ||   110
Dodge: Dodged            |    80 |   121 |    15 ||   216
Block: Buckler           |    37 |    51 |     8 ||    96
       Rpst.: Falchion   |    22 |    35 |     3 ||    60

Table legend:
 A = Spawn XP
 B = Non-spawn XP
 C = Spawn XP percentage of total XP
 D = Spawn monster count
 E = Non-spawn monster count
 F = Spawn count percentage of total count
 G = Total turns spent on level
                    A         B        C        D         E        F      G
               +---------+---------+-------+---------+---------+-------+---------
         Total |       0 |     691 |   0.0 |       0 |      94 |   0.0 |  2571
               +---------+---------+-------+---------+---------+-------+---------
           D:1 |       0 |      27 |   0.0 |       0 |      17 |   0.0 |   490
           D:2 |       0 |      55 |   0.0 |       0 |      22 |   0.0 |   722
           D:3 |       0 |     312 |   0.0 |       0 |      43 |   0.0 |  1130
           D:4 |       0 |     297 |   0.0 |       0 |      12 |   0.0 |   229
               +---------+---------+-------+---------+---------+-------+---------
